Map: [ESL] Data-C

Players

Scarlett

  • Race: Zerg Zerg
  • Spawn Location: 9:00

Nina - Winner!

  • Race: Protoss Protoss
  • Spawn Location: 3:00

Event: DreamHack SC2 Masters 2022 Atlanta (Online)

VOD

Have the link to the VOD?

Description

Time

  • Played on: Oct. 4, 2022, 6:04 p.m.
  • Length: 15:13

All games in this series

Show
View Real Time Build Order
Export as new Build Order

Scarlett Zerg 

Build Orders: Hatch First, Lurkers 

Get SALT Encoding   

  12  0:00  Drone  
  13  0:12  Overlord  
  13  0:17  Drone  
  14  0:30  Drone x2  
  16  0:47  Hatchery  
  15  0:51  Drone  
  15  0:55  Drone  
  17  0:58  Drone  
  18  1:09  Extractor  
  17  1:13  Spawning Pool  
  17  1:16  Drone  
  17  1:20  Drone  
  18  1:28  Drone  
  19  1:39  Drone  
  20  1:49  Drone  
  21  1:59  Queen x2  
  21  2:00  Zergling x2, Overlord  
  26  2:10  Drone  
  26  2:12  Drone  
  26  2:14  Metabolic Boost  
  28  2:21  Drone x2  
  30  2:32  Drone  
  30  2:36  Hatchery  
  30  2:41  Drone  
  31  2:45  Queen  
  31  2:50  Overlord  
  33  2:51  Drone  
  33  2:54  Drone  
  33  2:56  Drone  
  36  3:07  Queen  
  36  3:10  Drone  
  36  3:11  Overlord  
  39  3:13  Drone x3  
  39  3:15  Drone  
  43  3:22  Zergling x2  
  44  3:29  Spore Crawler, Queen  
  45  3:34  Drone x2  
  45  3:41  Drone x4  
  50  3:46  Overlord  
  50  3:47  Queen  
  53  3:49  Drone  
  53  3:51  Evolution Chamber  
  53  3:55  Drone x3  
  56  4:02  Drone x2  
  58  4:06  Queen  
  60  4:10  Drone x2, Overlord  
  60  4:11  Drone  
  60  4:15  Overlord  
  63  4:17  Zerg Melee Weapons Level 1  
  63  4:21  Drone x3  
  63  4:24  Overlord  
  65  4:30  Queen  
  65  4:31  Drone x3  
  70  4:33  Drone x2  
  70  4:37  Spore Crawler  
  71  4:38  Drone x2  
  71  4:39  Drone  
  71  4:42  Drone x3  
  77  4:57  Hatchery  
  77  4:58  Zergling x2  
  77  4:59  Zergling x12  
  80  5:09  Drone x5  
  85  5:16  Lair, Overlord  
  85  5:17  Spore Crawler  
  85  5:18  Extractor x2  
  85  5:19  Drone x5  
  87  5:23  Queen  
  88  5:35  Overlord  
  88  5:36  Drone  
  88  5:37  Drone x4, Extractor  
  88  5:39  Baneling Nest, Extractor  
  88  5:41  Queen  
  92  5:48  Drone x5  
  97  5:52  Overlord  
  97  5:53  Overlord x3  
  97  5:57  Extractor  
  97  5:59  Hatchery  
  97  6:00  Drone x2  
  96  6:08  Overlord x2  
  96  6:10  Zergling x8  
  100  6:14  Zerg Melee Weapons Level 2  
  100  6:16  Zergling x4  
  101  6:19  Hydralisk Den  
  101  6:21  Zergling x8  
  104  6:28  Centrifugal Hooks  
  104  6:32  Zergling x4  
  106  6:33  Zergling x10  
  111  6:41  Zergling x12  
  116  6:56  Drone x4  
  116  6:57  Drone x7  
  116  7:01  Grooved Spines  
  123  7:03  Drone x2  
  123  7:07  Drone x4  
  129  7:12  Drone x2  
  129  7:15  Overlord  
  131  7:16  Spore Crawler  
  131  7:19  Overseer  
  131  7:20  Hydralisk x3  
  136  7:25  Hydralisk x3  
  142  7:35  Hydralisk x6  
  154  7:38  Overseer  
  154  7:47  Infestation Pit  
  153  7:52  Hydralisk x3  
  153  7:53  Hydralisk x5  
  169  8:03  Baneling x7  
  169  8:04  Zergling x8  
  173  8:09  Extractor x2  
  173  8:10  Drone x3  
  173  8:11  Overlord x3  
  173  8:12  Muscular Augments  
  174  8:21  Lurker Den  
  174  8:24  Evolution Chamber  
  174  8:25  Zergling x4  
  174  8:29  Hive  
  174  8:32  Zerg Missile Weapons Level 1  
  174  8:36  Drone x2  
  174  8:37  Drone x3  
  174  8:41  Zergling x18  
  185  8:44  Hatchery  
  183  8:51  Zergling x28  
  183  8:54  Baneling x4  
  182  9:01  Zergling x2  
  182  9:02  Zergling x10  
  188  9:06  Baneling x6  
  188  9:07  Baneling x5  
  186  9:10  Zergling x14  
  186  9:11  Baneling  
  186  9:12  Baneling x2  
  193  9:19  Lurker x4  
  193  9:20  Overlord x2  
  193  9:23  Extractor  
  196  9:25  Spine Crawler, Extractor  
  196  9:28  Lurker x2  
  196  9:29  Lurker  
  197  9:34  Lurker  
  198  9:41  Seismic Spines  
  192  9:51  Adrenal Glands  
  178  10:00  Zergling x40  
  178  10:03  Zerg Melee Weapons Level 3  
  195  10:12  Zergling x8  
  197  10:27  Lurker x4  
  194  10:34  Hydralisk x4  
  194  10:35  Zergling x26  
  199  10:38  Adaptive Talons  
  198  10:42  Lurker  
  198  10:43  Lurker  
  198  10:45  Zergling x4  
  198  10:48  Zerg Missile Weapons Level 2  
  196  10:58  Overlord x2  
  184  11:05  Zergling x32  
  184  11:09  Baneling x12  
  192  11:22  Lurker x4  
  192  11:23  Hatchery  
  187  11:34  Zergling x26  
  198  11:40  Zergling x4  
  196  11:58  Hydralisk x2  
  199  12:07  Hydralisk x5  
  199  12:08  Hydralisk x8  
  176  12:22  Drone x3, Spire  
  150  12:25  Hydralisk x10  
  150  12:27  Zergling x12  
  163  12:32  Hydralisk x3  
  169  12:37  Zergling x6  
  169  12:40  Zerg Ground Armor Level 1  
  171  12:45  Hydralisk x4  
  171  12:49  Hydralisk  
  179  12:55  Hydralisk x6  
  179  12:58  Hydralisk  
  179  13:04  Hydralisk x2  
  162  13:08  Hydralisk x2  
  158  13:13  Hydralisk  
  158  13:15  Hydralisk  
  158  13:16  Zergling x4  
  145  13:22  Hydralisk x2  
  139  13:33  Zergling x14  
  134  13:34  Zergling x2  
  134  13:40  Zergling x6  
  121  13:41  Hydralisk  
  121  13:46  Hydralisk x2  
  121  13:48  Hydralisk  
  113  13:51  Hydralisk  
  113  13:52  Hydralisk  
  105  13:57  Hydralisk x5  
  105  14:02  Hydralisk x2  
  111  14:06  Zergling x2  
  113  14:10  Hatchery  
  113  14:15  Hydralisk x3, Extractor x2  
  113  14:16  Zergling x2  
  117  14:17  Hydralisk  
  117  14:18  Hydralisk  
  121  14:24  Hydralisk x2  
  121  14:25  Zergling x2  
  121  14:29  Zergling x2, Hydralisk  
  129  14:31  Hydralisk  
  129  14:34  Hydralisk x2  
  135  14:40  Hydralisk  
  135  14:41  Zergling x2  
  138  14:50  Zergling x4  
Show
View Real Time Build Order
Export as new Build Order

Nina Protoss - Winner!

Build Orders: 1 Gate Expand, Oracle Opening, Carriers 

Get SALT Encoding   

  12  0:00  Probe  
  13  0:12  Probe  
  14  0:19  Pylon  
  14  0:24  Probe (Chrono Boost)  
  15  0:37  Probe (Chrono Boost)  
  15  0:39  Gateway  
  16  0:46  Probe (Chrono Boost)  
  16  0:48  Assimilator  
  17  0:51  Probe  
  18  1:03  Probe  
  19  1:16  Probe  
  20  1:25  Nexus  
  20  1:34  Cybernetics Core  
  20  1:37  Probe  
  21  1:45  Assimilator  
  21  1:49  Probe  
  21  1:54  Pylon  
  22  2:01  Probe (Chrono Boost)  
  23  2:12  Adept  
  23  2:13  Probe (Chrono Boost)  
  26  2:20  Probe (Chrono Boost), Stargate  
  27  2:27  Probe (Chrono Boost)  
  27  2:29  Warp Gate  
  28  2:39  Probe x2 (Chrono Boost)  
  28  2:42  Adept  
  32  2:47  Probe (Chrono Boost)  
  32  2:48  Probe (Chrono Boost)  
  34  2:54  Probe  
  34  2:56  Probe  
  36  3:04  Oracle (Chrono Boost)  
  39  3:06  Probe  
  39  3:08  Probe  
  39  3:12  Pylon  
  41  3:18  Probe  
  42  3:21  Probe  
  43  3:31  Nexus, Probe  
  43  3:33  Probe  
  45  3:37  Oracle (Chrono Boost)  
  48  3:44  Probe  
  48  3:45  Probe  
  48  3:47  Gateway  
  50  3:56  Probe, Pylon  
  50  3:58  Probe  
  50  4:02  Assimilator  
  52  4:04  Assimilator  
  52  4:08  Probe  
  53  4:11  Probe  
  53  4:14  Oracle  
  53  4:15  Twilight Council  
  57  4:20  Probe  
  57  4:21  Forge  
  57  4:23  Probe  
  59  4:30  Stalker  
  61  4:32  Probe (Chrono Boost)  
  61  4:36  Pylon  
  62  4:41  Pylon  
  62  4:42  Probe (Chrono Boost)  
  62  4:44  Probe (Chrono Boost)  
  62  4:45  Stalker  
  67  4:48  Probe (Chrono Boost)  
  67  4:49  Shield Battery  
  67  4:52  Probe (Chrono Boost)  
  69  4:53  Probe (Chrono Boost)  
  69  4:57  Probe x2 (Chrono Boost)  
  71  5:01  Probe  
  72  5:08  Probe  
  72  5:10  Probe  
  72  5:13  Probe  
  73  5:16  Protoss Ground Weapons Level 1 (Chrono Boost)  
  73  5:17  Assimilator  
  73  5:20  Gateway, Blink, Probe  
  72  5:22  Probe  
  72  5:24  Gateway  
  72  5:25  Probe  
  74  5:32  Probe  
  74  5:33  Stalker x2  
  74  5:35  Probe  
  80  5:39  Probe  
  80  5:40  Gateway  
  81  5:44  Probe  
  82  5:50  Gateway  
  82  5:53  Pylon  
  82  5:54  Probe  
  82  5:56  Pylon  
  82  5:57  Probe  
  84  5:58  Stalker x2  
  88  6:08  Probe  
  88  6:09  Probe  
  90  6:13  Pylon  
  90  6:14  Pylon  
  90  6:17  Stalker  
  92  6:18  Pylon  
  92  6:20  Pylon  
  92  6:22  Stalker  
  92  6:23  Nexus, Probe  
  92  6:24  Pylon  
  95  6:26  Assimilator  
  95  6:29  Stalker x2  
  99  6:34  Pylon  
  99  6:37  Templar Archives  
  99  6:41  Gateway  
  99  6:45  Stalker x3  
  99  6:46  Zealot  
  107  6:53  Stalker x2  
  110  6:58  Probe  
  110  7:00  Probe  
  112  7:02  Probe  
  113  7:10  Probe  
  113  7:11  Gateway  
  113  7:12  Photon Cannon, Probe  
  113  7:14  Shield Battery, Probe  
  116  7:16  Stalker x2  
  116  7:17  Photon Cannon, Protoss Ground Weapons Level 2 (Chrono Boost)  
  121  7:23  Psionic Storm  
  121  7:24  Probe (Chrono Boost)  
  121  7:25  Stalker x2  
  121  7:28  Probe (Chrono Boost)  
  127  7:31  Probe (Chrono Boost)  
  129  7:37  High Templar  
  129  7:39  Probe (Chrono Boost)  
  129  7:40  Probe (Chrono Boost)  
  129  7:41  Probe (Chrono Boost)  
  129  7:42  Probe (Chrono Boost)  
  133  7:45  Probe  
  133  7:46  High Templar x4  
  133  7:48  Probe  
  143  7:54  Probe, High Templar  
  143  7:57  Probe, Assimilator  
  147  7:58  Assimilator  
  147  8:00  Charge  
  147  8:09  High Templar  
  149  8:17  Zealot x2  
  153  8:21  Pylon  
  153  8:22  Zealot x2  
  153  8:23  Zealot x2, Pylon  
  153  8:26  Pylon x2  
  161  8:30  Robotics Facility  
  161  8:32  Pylon  
  161  8:35  Gateway  
  161  8:37  Photon Cannon, High Templar, Gateway  
  161  8:38  High Templar  
  161  8:41  Photon Cannon  
  160  8:52  Stalker x6  
  160  8:53  Archon  
  170  9:08  Nexus  
  170  9:13  Stalker x2  
  170  9:14  Probe  
  170  9:16  Photon Cannon  
  175  9:20  Pylon  
  175  9:21  Pylon  
  175  9:24  Observer (Chrono Boost)  
  175  9:27  Zealot x2  
  175  9:28  Zealot x3, Photon Cannon  
  175  9:29  Pylon  
  175  9:30  Photon Cannon  
  186  9:33  Shield Battery  
  186  9:38  Observer (Chrono Boost)  
  186  9:39  Protoss Ground Weapons Level 3  
  186  9:43  Zealot x4  
  186  9:44  Zealot  
  197  9:49  Fleet Beacon  
  197  9:52  Stargate  
  193  9:53  Zealot x3  
  193  9:57  Stargate  
  199  10:03  Nexus  
  199  10:04  Protoss Air Weapons Level 1  
  199  10:05  Photon Cannon  
  199  10:06  Photon Cannon  
  199  10:11  Observer  
  190  10:30  Zealot  
  190  10:31  Stalker x5  
  190  10:32  Stalker  
  172  10:37  Probe  
  172  10:40  Observer  
  172  10:42  Probe  
  170  10:45  Photon Cannon  
  170  10:47  Carrier (Chrono Boost)  
  170  10:49  Probe, Photon Cannon  
  178  10:50  Photon Cannon  
  178  10:51  Zealot  
  178  10:53  Zealot x2  
  178  10:54  Zealot  
  178  10:56  Carrier (Chrono Boost)  
  174  11:04  High Templar x5  
  174  11:11  Carrier (Chrono Boost)  
  186  11:22  Probe  
  186  11:23  Probe x3  
  186  11:34  Probe  
  186  11:35  Probe x2  
  180  11:44  Carrier (Chrono Boost)  
  186  11:51  Pylon x2  
  192  12:00  Carrier (Chrono Boost)  
  187  12:02  Zealot x3  
  159  12:16  Carrier (Chrono Boost)  
  158  12:23  Zealot x5  
  158  12:24  Zealot  
  170  12:35  High Templar x2  
  174  12:45  Dark Shrine  
  174  12:46  Carrier  
  167  13:11  Zealot x6  
  177  13:17  Observer  
  142  13:36  Archon  
  142  13:37  High Templar x6  
  142  13:39  Observer  
  141  13:51  Carrier (Chrono Boost)  
  145  14:05  Zealot x2  
  155  14:17  Nexus  
  155  14:18  Pylon  
  155  14:21  Pylon  
  161  14:36  Zealot x3  
  167  14:38  Zealot  
  167  14:39  Zealot  
  167  14:44  Zealot  
  173  14:51  Zealot  
  173  14:52  Zealot  
  171  15:05  Archon  
  171  15:06  Archon  
Tags
 
Add a new tag
Caveats
  • Supply blocks, unpowered buildings, or Contaminate may cause inaccurate times.
  • Supply counts are checked every 10 seconds.